Map: Lerilak Crest

Players

MorN - Winner!

  • Race: Terran Terran
  • League: Master

Tenda

  • Race: Zerg Zerg
  • League: Master

VOD

Have the link to the VOD?

Description

Time

  • Played on: Nov. 22, 2015, 8:15 p.m.
  • Length: 15:08
Show
View Real Time Build Order
Export as new Build Order

MorN Terran - Winner!

Build Orders: Reaper Expand, MMM Bio 

Get SALT Encoding   

  12  0:00  SCV  
  13  0:12  SCV  
  14  0:17  Supply Depot  
  14  0:25  SCV  
  15  0:38  SCV  
  15  0:39  Barracks  
  16  0:44  Refinery  
  16  0:52  SCV  
  17  1:04  SCV  
  18  1:16  SCV  
  19  1:26  Reaper  
  19  1:28  Orbital Command  
  20  1:40  Command Center  
  20  1:52  Supply Depot  
  20  1:54  SCV  
  21  1:58  Reaper  
  22  2:06  SCV  
  23  2:21  Factory  
  23  2:23  SCV  
  23  2:28  Refinery  
  24  2:42  Barracks Reactor  
  24  2:43  SCV  
  25  2:50  Command Center  
  25  2:55  SCV  
  26  2:58  Orbital Command  
  26  3:07  Factory Tech Lab, SCV  
  26  3:11  Starport  
  27  3:19  Marine x2  
  29  3:20  SCV  
  30  3:34  Siege Tank  
  30  3:35  SCV x2  
  30  3:39  Marine x2  
  37  3:47  SCV x2  
  39  3:54  Medivac  
  41  3:59  SCV x2  
  41  4:02  Orbital Command  
  43  4:06  Marine x2  
  45  4:11  SCV x2  
  47  4:24  SCV x2  
  47  4:33  Liberator  
  47  4:34  Stimpack, Factory Reactor  
  47  4:36  Barracks  
  47  4:37  Barracks  
  47  4:38  SCV  
  48  4:41  SCV x2  
  48  4:45  Supply Depot  
  50  4:46  Supply Depot  
  50  4:48  Refinery x2  
  50  4:50  SCV  
  54  4:53  SCV, Marine  
  54  4:58  SCV  
  57  5:01  Supply Depot  
  57  5:02  SCV  
  57  5:05  SCV  
  58  5:14  SCV x2  
  58  5:19  SCV  
  58  5:20  Engineering Bay x2  
  61  5:22  Factory Reactor  
  61  5:29  Marine  
  61  5:30  Marine  
  61  5:31  Marauder  
  61  5:32  SCV  
  61  5:33  Supply Depot  
  66  5:36  Supply Depot  
  66  5:37  Starport Reactor  
  66  5:39  Orbital Command  
  66  5:42  Marine x2  
  68  5:45  Barracks  
  68  5:46  Barracks  
  68  5:47  Terran Infantry Weapons Level 1, Terran Infantry Armor Level 1  
  68  5:48  SCV  
  69  5:50  Marine x2  
  71  6:00  Marine x2  
  71  6:02  Widow Mine x2  
  77  6:06  Supply Depot  
  77  6:07  SCV  
  78  6:14  Marine  
  78  6:15  Marine x2  
  81  6:19  Medivac x2, Marine  
  81  6:22  SCV x2, Supply Depot  
  88  6:31  Marine  
  88  6:32  Marine  
  87  6:36  Barracks Reactor x2  
  87  6:39  SCV x2  
  89  6:40  SCV  
  89  6:41  Armory  
  89  6:42  Supply Depot  
  90  6:49  Medivac x2  
  90  6:51  SCV x2  
  90  6:52  Marine x4  
  100  7:03  Marine  
  98  7:10  Marine x4  
  98  7:14  Supply Depot, SCV x3  
  105  7:17  Refinery  
  105  7:19  Refinery  
  105  7:20  Command Center  
  105  7:21  Marine  
  106  7:23  Medivac, Marine x2  
  106  7:24  Barracks, Medivac  
  106  7:25  Barracks x2  
  106  7:26  SCV x2, Marine  
  106  7:27  SCV  
  106  7:28  Marine  
  117  7:32  Widow Mine x2  
  117  7:35  Combat Shields  
  121  7:38  SCV  
  121  7:39  Supply Depot  
  121  7:40  Supply Depot, Marauder  
  121  7:41  SCV  
  121  7:43  SCV  
  126  7:49  Marine x2  
  126  7:50  SCV  
  129  7:53  SCV  
  129  7:54  Marine x3  
  133  7:59  Supply Depot  
  133  8:00  Medivac  
  133  8:01  Marauder  
  133  8:04  Terran Infantry Weapons Level 2  
  133  8:05  Terran Infantry Armor Level 2  
  136  8:15  Marine x2  
  136  8:16  Barracks Tech Lab x2, Marine  
  136  8:17  SCV x2, Barracks Tech Lab  
  140  8:20  Supply Depot  
  140  8:21  Marine x3  
  140  8:22  Marauder, Widow Mine x2  
  140  8:23  Supply Depot, Medivac  
  151  8:30  Marine x2  
  151  8:31  Medivac  
  143  8:53  Marine x4  
  143  8:54  Marine  
  143  8:55  Marine x3  
  136  8:57  Marauder x3, Concussive Shells, Marine  
  136  9:00  Supply Depot  
  144  9:11  Marine x2  
  144  9:14  Marine x3  
  144  9:15  Marauder, Marine x2  
  144  9:16  Marine  
  151  9:18  Marauder x2, Marine  
  152  9:25  Widow Mine x2  
  152  9:26  Medivac  
  152  9:28  Supply Depot  
  152  9:29  Marine x2  
  156  9:32  Supply Depot, Marine  
  156  9:34  Command Center  
  156  9:36  Marauder x2  
  157  9:47  Marine x5  
  157  9:48  Marauder x2  
  157  9:49  Planetary Fortress  
  157  9:52  Missile Turret, Marine x2  
  151  9:53  Missile Turret x2  
  151  9:54  Widow Mine x2  
  151  9:56  Medivac  
  157  10:04  Starport  
  157  10:06  Starport  
  157  10:07  Marine x3  
  157  10:08  Marauder  
  162  10:14  Marine  
  162  10:15  Marine x3  
  162  10:16  Marauder x3  
  170  10:22  Widow Mine  
  170  10:23  Missile Turret  
  170  10:25  Missile Turret x2  
  170  10:26  Missile Turret  
  170  10:27  Missile Turret  
  140  10:36  Marine x3, Liberator x3  
  140  10:37  Marauder, Marine x4  
  140  10:38  Medivac, Marauder x2  
  140  10:41  Marine x2  
  135  10:51  Liberator  
  135  10:54  Marine x4  
  150  11:05  Marauder, Widow Mine, Marine  
  150  11:08  Terran Infantry Weapons Level 3, Terran Infantry Armor Level 3  
  156  11:16  Marauder, Marine x3  
  161  11:19  Marauder, Marine x3  
  166  11:26  Refinery  
  166  11:27  Refinery  
  166  11:31  Missile Turret  
  166  11:32  Missile Turret  
  166  11:34  Missile Turret  
  166  11:36  Medivac x3  
  170  11:47  Marauder  
  170  11:51  Medivac  
  172  11:58  Factory  
  172  12:01  Marauder, Marine x2  
  176  12:06  Marine, Medivac x3  
  176  12:07  Marine x2  
  176  12:08  Marine x2, Marauder  
  187  12:09  Marauder x2  
  193  12:17  Widow Mine  
  193  12:18  Marine x2, Widow Mine  
  199  12:26  Marine  
  200  12:32  Planetary Fortress  
  200  12:47  Liberator  
  200  12:57  Missile Turret  
  200  12:58  Missile Turret  
  148  12:59  Marine x2  
  148  13:00  Marauder  
  148  13:01  Missile Turret  
  148  13:02  Marine x3  
  148  13:03  Marine, Marauder x3  
  148  13:04  Medivac x3  
  148  13:05  Marine x2  
  143  13:16  Liberator  
  143  13:17  Marine x2, Liberator  
  143  13:20  Marine x4  
  143  13:21  Marauder  
  143  13:23  Marine  
  143  13:24  Marauder x3  
  162  13:37  Marine  
  162  13:38  Marine x2  
  168  13:42  Factory Tech Lab  
  168  13:43  Marauder  
  168  13:45  Marauder  
  168  13:46  Marauder  
  168  13:47  Marine x3  
  168  13:48  Marauder  
  182  13:52  Starport Reactor  
  182  13:53  Starport Reactor  
  175  13:56  Widow Mine x2  
  175  13:59  Liberator  
  175  14:00  Marine x2  
  181  14:04  Marauder  
  181  14:07  Marauder x2  
  181  14:09  Marauder  
  189  14:11  Marine x2  
  189  14:12  Marine  
  189  14:13  Marine  
  189  14:14  Marine  
  189  14:16  Marine  
  198  14:18  Marine x2  
  196  14:25  Marauder  
  196  14:28  Marauder  
  196  14:29  Marine  
  200  14:34  Missile Turret  
  200  14:36  Missile Turret  
  200  14:37  Missile Turret  
  200  14:48  Command Center  
Show
View Real Time Build Order
Export as new Build Order

Tenda Zerg 

Build Orders: Hatch First, Muta Ling Bane 

Get SALT Encoding   

  12  0:01  Drone  
  13  0:12  Overlord  
  13  0:17  Drone  
  14  0:31  Drone x2  
  16  0:36  Drone  
  17  0:55  Hatchery  
  16  0:58  Drone  
  16  1:00  Drone  
  18  1:05  Extractor  
  17  1:16  Spawning Pool  
  17  1:18  Drone  
  17  1:23  Drone  
  18  1:28  Drone  
  19  1:39  Drone  
  20  1:49  Overlord  
  20  2:03  Queen  
  20  2:07  Queen  
  20  2:08  Zergling x4  
  26  2:09  Metabolic Boost  
  26  2:15  Drone  
  27  2:19  Drone  
  28  2:25  Drone  
  29  2:30  Drone  
  29  2:35  Drone  
  31  2:39  Overlord  
  31  2:42  Queen  
  33  2:49  Drone  
  33  2:50  Drone  
  35  2:54  Drone  
  36  3:01  Drone  
  36  3:05  Drone  
  38  3:16  Hatchery  
  38  3:19  Drone x7  
  43  3:30  Overlord  
  43  3:35  Roach Warren  
  43  3:36  Extractor  
  43  3:37  Zergling x2  
  43  3:38  Drone  
  43  3:49  Drone x2  
  43  3:50  Overlord  
  43  3:52  Drone x2  
  47  3:57  Queen  
  49  4:19  Roach x3  
  49  4:20  Roach x2  
  58  4:29  Drone x6  
  58  4:30  Overlord  
  64  4:33  Evolution Chamber x2  
  64  4:34  Drone  
  63  4:43  Drone x3  
  65  4:51  Drone  
  65  4:52  Drone x2  
  68  4:55  Drone x5  
  68  4:56  Overlord  
  68  4:59  Zerg Ground Armor Level 1, Zerg Melee Weapons Level 1  
  73  5:02  Drone, Extractor  
  72  5:10  Drone x2  
  73  5:16  Baneling Nest  
  72  5:22  Drone x6  
  72  5:25  Spore Crawler  
  72  5:26  Spine Crawler  
  76  5:29  Lair  
  76  5:33  Zergling x2  
  76  5:34  Zergling x8  
  81  5:37  Extractor  
  81  5:38  Extractor  
  81  5:41  Drone x2  
  81  5:42  Overlord, Extractor  
  80  5:57  Zergling x2  
  81  5:58  Overlord x3  
  81  6:02  Drone x2  
  81  6:03  Drone  
  84  6:05  Drone x5  
  89  6:13  Hatchery  
  89  6:14  Ravager  
  89  6:21  Zergling x12  
  95  6:39  Centrifical Hooks  
  95  6:40  Zergling x2  
  95  6:41  Zergling x10  
  95  6:43  Spire  
  95  6:46  Ravager  
  101  6:49  Zergling x6  
  100  7:04  Drone  
  100  7:05  Drone x2  
  103  7:13  Zerg Ground Armor Level 2, Zerg Melee Weapons Level 2  
  103  7:14  Zergling x8  
  103  7:15  Zergling x12  
  113  7:17  Baneling x11  
  113  7:18  Baneling  
  113  7:22  Overseer  
  113  7:28  Hatchery, Queen  
  114  7:30  Drone  
  114  7:31  Drone x4  
  119  7:45  Queen  
  119  7:48  Zergling x6  
  119  7:49  Zergling x2, Extractor  
  119  7:50  Overlord x4  
  120  7:52  Baneling x4, Extractor  
  120  7:53  Baneling  
  120  7:56  Baneling x7  
  120  7:57  Baneling x8  
  119  8:04  Overlord  
  119  8:14  Mutalisk x6  
  130  8:22  Mutalisk  
  132  8:28  Drone  
  132  8:29  Drone x7  
  132  8:32  Mutalisk  
  142  8:40  Infestation Pit  
  141  8:48  Mutalisk x3  
  132  8:53  Mutalisk  
  137  8:56  Zergling x24  
  149  9:08  Mutalisk x3  
  155  9:13  Zergling x2  
  155  9:14  Zergling x6  
  155  9:23  Mutalisk x3  
  150  9:36  Zergling x6  
  150  9:46  Hive  
  150  9:48  Mutalisk x3  
  150  9:50  Zergling x8  
  153  9:55  Overseer  
  153  9:57  Overseer  
  153  10:01  Overlord x6  
  153  10:21  Hatchery  
  149  10:34  Zergling x2  
  149  10:35  Hatchery, Zergling x22  
  136  10:39  Zergling x2  
  136  10:40  Zergling x4  
  131  10:45  Baneling x7  
  131  10:46  Baneling  
  131  10:54  Zergling x12  
  131  10:55  Zergling x2  
  132  11:09  Zerg Ground Armor Level 3  
  129  11:15  Zergling x2  
  129  11:16  Zergling x6  
  133  11:27  Zergling x8  
  128  11:41  Queen  
  128  11:42  Extractor  
  128  11:44  Zerg Melee Weapons Level 3  
  128  11:53  Adrenal Glands  
  128  11:57  Zergling x2  
  128  11:58  Zergling x10  
  133  12:01  Baneling  
  133  12:02  Baneling x4  
  133  12:03  Baneling  
  133  12:04  Baneling x2  
  133  12:06  Zergling x2  
  133  12:07  Zergling x2  
  135  12:09  Baneling x4  
  135  12:11  Baneling  
  135  12:12  Baneling x3  
  135  12:13  Baneling  
  135  12:17  Zergling x2  
  135  12:18  Zergling x6  
  135  12:20  Baneling x5  
  139  12:23  Baneling  
  139  12:24  Baneling x5  
  139  12:28  Drone x3  
  142  12:33  Zergling x6  
  142  12:34  Zergling x2  
  146  12:40  Zergling x8  
  146  12:41  Zergling x2  
  120  13:03  Zergling x32  
  131  13:08  Drone x2  
  131  13:09  Drone  
  126  13:19  Zergling x2  
  123  13:20  Zergling x4  
  123  13:22  Ultralisk Cavern  
  123  13:24  Baneling  
  123  13:25  Baneling x12  
  123  13:26  Baneling  
  119  13:31  Overseer  
  119  13:33  Baneling  
  119  13:34  Baneling x7  
  119  13:45  Hatchery  
  119  13:46  Zergling x2  
  119  13:47  Zergling x4  
  121  13:57  Zergling x14  
  127  14:08  Zergling x2  
  127  14:09  Zergling x16  
  127  14:10  Zergling x2  
  127  14:17  Zergling x2  
  127  14:18  Zergling x4  
  128  14:31  Zergling x18  
Tags
 
Add a new tag
Caveats
  • Supply blocks, unpowered buildings, or Contaminate may cause inaccurate times.
  • Supply counts are checked every 10 seconds.